 Dungeon Crawl Stone Soup version 0.30-a0-422-g946f4849ff (webtiles) character file.

Game seed: 4776301197268308995

28 LordRotharoth the Chiller (level 3, -1/28 HPs)
             Began as a Naga Ice Elementalist on Dec 9, 2022.
             Slain by an adder (2 damage)
             ... on level 3 of the Dungeon.
             The game lasted 00:05:30 (961 turns).

LordRotharoth the Chiller (Naga Ice Elementalist)    Turns: 961, Time: 00:05:30

Health: -1/28      AC:  4    Str: 10    XL:     3   Next: 12%
Magic:  4/6        EV: 10    Int: 15    God:
Gold:   77         SH:  0    Dex: 13    Spells: 5/6 levels left

rFire   . . .      SeeInvis +    (no weapon)
rCold   . . .      Faith    .    (no shield)
rNeg    . . .      Spirit   .    a - +1 robe
rPois   +          Reflect  .    (no helmet)
rElec   .          Harm     .    c - +0 cloak
rCorr   .          Rampage  .    (no gloves)
Will    .....                    (no barding)
Stlth   ++........               (no amulet)
HPRegen 0.24/turn                d - ring of poison resistance
MPRegen 0.10/turn                (no ring)

@: very slow
A: AC +1, large, see invisible, deformed body, poison resistance, slowness 2,
spit poison 1, naga tail 1
a: Spit Poison


You were on level 3 of the Dungeon.
You visited 1 branch of the dungeon, and saw 3 of its levels.

You collected 77 gold pieces.

Inventory:

Armour
 a - a +1 robe (worn)
 c - a +0 cloak (worn)
Jewellery
 d - a ring of poison resistance (left hand)
Potions
 b - a potion of magic


   Skills:
 + Level 0.1 Fighting
 + Level 0.5 Ranged Weapons
 + Level 0.1 Throwing
 + Level 1.8 Dodging
 + Level 3.1 Stealth
 + Level 0.2 Unarmed Combat
 + Level 2.2 Spellcasting
 + Level 4.3 Ice Magic


You had 5 spell levels left.
You knew the following spells:

 Your Spells              Type           Power      Damage    Failure   Level
a - Freeze                Ice            56%        1d7       3%          1

Your spell library contained the following spells:

 Spells                   Type           Power      Damage    Failure   Level
 Frozen Ramparts          Ice            28%        1d5       11%         3
 Ozocubu's Armour         Ice            14%        N/A       11%         3
 Apportation              Tloc           2%         N/A       22%         1
 Necrotise                Necr           4%         1d4       22%         1
 Summon Small Mammal      Summ           4%         N/A       22%         1
 Summon Ice Beast         Ice/Summ       8%         N/A       65%         4


Dungeon Overview and Level Annotations

Branches:
Dungeon (3/15)

Altars:

Shops:
D:1 :


Innate Abilities, Weirdness & Mutations

Your serpentine skin is tough. (AC +1)
You have supernaturally acute eyesight. (SInv)
Armour fits poorly on your strangely shaped body.
Your system is resistant to poisons. (rPois)
You cover ground very slowly.
You can spit poison.
You have a snake-like lower body.


Message History

The kobold hits you with a +0 short sword.
The adder bites you but does no damage. The kobold attacks as you move away!
The kobold hits you but does no damage. The adder attacks as you move away!
The adder bites you but does no damage. The adder attacks as you move away!
The adder barely misses you.
You feel sick. The adder bites you.
You are too injured to fight recklessly!
You are too injured to fight recklessly!
You barely miss the adder.
The adder is almost dead.
You feel sick.
You are no longer poisoned.
The adder bites you but does no damage. The adder bites you.
* * * LOW HITPOINT WARNING * * *
The adder bites you but does no damage. The adder attacks as you move away!
The adder bites you.
* * * LOW HITPOINT WARNING * * *
The adder attacks as you move away! The adder bites you but does no damage.
The adder bites you.
* * * LOW HITPOINT WARNING * * *
The adder barely misses you. The adder bites you but does no damage.
The adder barely misses you. The adder bites you.
* * * LOW HITPOINT WARNING * * *
The adder bites you.
* * * LOW HITPOINT WARNING * * *
The adder attacks as you move away! The adder barely misses you.
The kobold hits you but does no damage. The adder bites you but does no damage.
The kobold completely misses you.
There is a stone staircase leading down here.
The adder bites you but does no damage.
The kobold hits you with a +0 short sword.
* * * LOW HITPOINT WARNING * * *
You climb downwards.
Found 4 poisoned darts.
There is a stone staircase leading up here.
The adder closely misses you. The kobold hits you but does no damage.
The adder bites you.
You die...

... .. .. ..
..#.# #...##
#....## +.....
######..K####.#
.......@S...(..
#############+#


You could see an adder and a kobold.

Vanquished Creatures
  A worm (D:2)
  4 ball pythons (D:1)
  An endoplasm (D:1)
  A giant cockroach (D:2)
  4 goblins (D:1)
  2 hobgoblins (D:1)
  3 kobolds
  3 quokkas
  3 bats (D:1)
  A frilled lizard (D:1)
23 creatures vanquished.

Notes
Turn   | Place    | Note
-------+----------+-------------------------------------------
     0 | D:1      | LordRotharoth the Naga Ice Elementalist began the quest for
                  | the Orb.
     0 | D:1      | Reached XP level 1. HP: 15/15 MP: 3/3
    77 | D:1      | Reached XP level 2. HP: 12/22 MP: 1/5
   709 | D:1      | Found Samiatatea's Vocational Training.
   836 | D:2      | Reached XP level 3. HP: 24/28 MP: 3/6
   957 | D:2      | HP: 1/28 [adder (1)]
   961 | D:3      | Slain by an adder

Illustrated notes

Levels and vault maps discovered:
D:1:      dpeg_arrival_boxorama, layout_loops_ring, minmay_fountain_box,
          nicolae_shop_vocational
D:2:      layout_basic, hellmonk_ecumenical_altar_crossroads, uniq_natasha,
          uniq_jessica
D:3:      layout_basic, amcnicky_altar_gilded, palyth_stone_intersect

Action                   || total
-------------------------++-------
Melee: Unarmed           ||    22
 Fire: Sling             ||    15
Throw: Dart              ||     6
 Cast: Freeze            ||    28
 Abil: Spit Poison       ||     3
  Use: Scroll            ||     4
       Potion            ||     2
Armor: Robe              ||    40
Dodge: Dodged            ||    59

Table legend: (Time is in decaauts)
 A = Elapsed time spent in this place.
 B = Non-inter-level travel time spent in this place.
 C = Inter-level travel time spent in this place.
 D = Time resting spent in this place.
 E = Time spent auto-exploring this place.
 F = Levels seen in this place.
 G = Mean time per level.
                   A        B        C        D        E       F      G
               +--------+--------+--------+--------+--------+-----+--------+
         Total |   1236 |   1236 |      0 |     89 |    476 |   3 |  412.0 |
       Dungeon |   1236 |   1236 |      0 |     89 |    476 |   3 |  412.0 |
               +--------+--------+--------+--------+--------+-----+--------+

Top non-repeatable levels by time:
     D:1: 1075 daAuts
     D:2: 160 daAuts
     D:3: 0 daAuts
